AoeStats
← Tavik

Nomad

503489392Analyzed
2v2 RM · 1mo ago on Aug 31, 2026· 29m 30s· 4 players
Game mode
Random Map
Map size
176×176
Population
200
Speed
Normal
Resources
Standard
Victory
Conquest
Starting age
Dark Age
Ending age
Imperial Age
RankedLock teamsTeams togetherTeam positionsShared explorationLock speedFull tech treeHidden civsTurbo modeCheats
Victory
Defeat
🇨🇿 Malians · Czechia
1360
+14
🇨🇿 Khitans · Czechia
1310
+17
🇦🇷 Inca · Argentina
1361
-17
🇦🇷 Huns · Argentina
1286
-14
Melioth
4:28 Loom
15:20 Feudal Age
20:03 Castle Age
19:19 Gold Mining
22:11 Double-Bit Axe
22:24 Fishing Lines
24:35 Forging
24:26 Scale Mail Armor
29:03 Iron Casting
Tavik
5:34 Loom
13:36 Feudal Age
18:05 Castle Age
17:22 Scale Mail Armor
17:08 Man-at-Arms
17:33 Arson
19:30 Chain Mail Armor
19:37 Squires
19:13 Long Swordsman
24:58 Fletching
27:09 Medium Warships
Dexma
3:18 Loom
13:28 Feudal Age
14:29 Double-Bit Axe
14:36 Fishing Lines
15:48 Wheelbarrow
16:04 Fletching
20:22 Castle Age
20:57 Gillnets
24:21 Bow Saw
25:00 Medium Warships
25:40 Hand Cart
25:37 Town Watch
28:19 Crossbowman
[ESTG] Mauzinga
9:39 Loom
15:31 Feudal Age
19:52 Castle Age
19:49 Scale Barding Armor
21:01 Bloodlines
24:54 Fletching
Connection lost

Rejoining the realm…

Still unreachable

The connection could not be restored.

Session expired

The server has moved on; the page needs a fresh start.